 Dungeon Crawl Stone Soup version 0.26-b1-32-g5d43845318 (webtiles) character file.

Game seed: 10674631487083370426

447 Arthanis the Firebug (level 6, -5/35 HPs)
             Began as a Deep Elf Fire Elementalist on Jan 11, 2021.
             Slain by Duvessa
             ... wielding a +1 short sword of venom
              (13 damage)
             ... on level 5 of the Dungeon.
             The game lasted 00:05:29 (4609 turns).

Arthanis the Firebug (Deep Elf Fire Elementalist)   Turns: 4609, Time: 00:05:29

Health: -5/35      AC:  5    Str:  5    XL:     6   Next: 73%
Magic:  4/16       EV: 13    Int: 24    God:
Gold:   246        SH:  0    Dex: 15    Spells: 2/15 levels left

rFire    . . .     SeeInvis .   t - +0 whip
rCold    . . .     Faith    .   (no shield)
rNeg     . . .     Spirit   .   a - +0 robe
rPois    +         Reflect  .   (no helmet)
rElec    .         Harm     .   c - +0 cloak (curse)
rCorr    .         Rampage  .   (no gloves)
Will     .....                  (no boots)
Stlth    ++........             (no amulet)
HPRegen  0.11/turn              s - ring of poison resistance
MPRegen  0.15/turn              (no ring)

@: lethally poisoned (-5 -> -15)
A: molten scales 1, clever 1, robust 1
a: no special abilities


You were on level 5 of the Dungeon.
You visited 2 branches of the dungeon, and saw 6 of its levels.

You collected 246 gold pieces.

Inventory:

Hand Weapons
 t - a +0 whip (weapon)
Armour
 a - a +0 robe (worn)
 c - a cursed +0 cloak (worn)
Jewellery
 s - a ring of poison resistance (left hand)
Wands
 u - a wand of flame (17)
Scrolls
 e - 2 scrolls of teleportation {unknown}
 f - 5 scrolls of identify {unknown}
 g - a scroll of immolation {unknown}
 i - 2 scrolls of remove curse {unknown}
 k - a scroll of fear {unknown}
 m - a scroll of magic mapping {unknown}
 n - a scroll of blinking {unknown}
Potions
 d - a potion of heal wounds {unknown}
 h - 2 potions of cancellation
 j - a potion of flight {unknown}
 l - a potion of lignification {unknown}
 o - a potion of attraction {unknown}
 p - a potion of degeneration {unknown}
 q - a potion of resistance {unknown}
 r - a potion of might {unknown}
 v - a potion of curing {unknown}


   Skills:
 - Level 2.4 Dodging
 - Level 2.4 Stealth
 + Level 5.4 Spellcasting
 + Level 3.8 Conjurations
 * Level 6.4 Fire Magic


You had 2 spell levels left.
You knew the following spells:

 Your Spells              Type           Power        Failure   Level
a - Foxfire               Conj/Fire      100%         1%          1
b - Conjure Flame         Conj/Fire      31%          3%          3
c - Sticky Flame          Conj/Fire      31%          10%         4
d - Fireball              Conj/Fire      15%          28%         5

Your spell library contained the following spells:

 Spells                   Type           Power        Failure   Level
 Inner Flame              Hex/Fire       21%          7%          3


Dungeon Overview and Level Annotations

Branches:
Dungeon (5/15)             Temple (1/1) D:4

Altars:
Elyvilon
Fedhas
Hepliaklqana
Makhleb
Nemelex Xobeh
Sif Muna
Trog
Uskayaw
Xom
Yredelemnul
Zin

Annotations:
D:4 1 runed translucent door, IHuginn's ghost, amateur OpBr
D:5 Duvessa


Innate Abilities, Weirdness & Mutations

You are partially covered in molten scales. (AC +2)
Your mind is acute. (Int +2)
You are robust. (+10% HP)


Message History

Press: ? - help, Shift-Dir - straight line, f - Dowan, p - Duvessa
Aim: Dowan, wielding a +8 dagger of draining and wearing a +0 robe (severely wounded, 0% to evade)
The sticky flame hits Dowan.
Dowan is almost dead.
Dowan is covered in liquid flames!
You feel sick.
Duvessa burns!
Dowan burns!
Duvessa barely misses you. Dowan closely misses you.
It was a potion of cancellation.
You feel magically purged.
You feel sick.
Duvessa burns!
Dowan burns!
You kill Dowan!
Duvessa screams, "No!
How DARE you!"
Duvessa goes berserk!
Duvessa hits you with a +1 short sword of venom.
* * * LOW HITPOINT WARNING * * *
Your life force feels restored.
It was a potion of mutation.
You feel extremely strange.
You feel robust.
You feel clever.
Molten scales grow over part of your body.
Duvessa burns!
Duvessa completely misses you.
Duvessa hits you with a +1 short sword of venom!
You die...

#.. ..# #..
##..### ....
#...!. #...
#....
#...##... #
#.......#.#
##....e....#
......5@...#
.###..#....#
#... #.....#
...# ..#####
## ###


You could see Duvessa (berserk, burning) and a white imp.

Vanquished Creatures
  Dowan (D:5)
  3 orc wizards
  Natasha (thrice) (D:3)
  3 worker ants (D:4)
  6 adders
  An ufetubus (D:3)
  An ooze (D:1)
  A worm (D:2)
  A dart slug (D:4)
  3 leopard geckos
  19 orcs
  2 giant cockroaches (D:3)
  9 goblins
  4 hobgoblins
  4 jackals (D:3)
  2 kobolds
  A ball python (D:1)
  8 bats
  3 frilled lizards
  2 quokka skeletons (D:4)
  10 rats
87 creatures vanquished.

Vanquished Creatures (others)
  400 foxfires
  4 fungi (D:2)
  4 plants (D:2)
408 creatures vanquished.

Grand Total: 495 creatures vanquished

Notes
Turn   | Place    | Note
-------+----------+-------------------------------------------
     0 | D:1      | Arthanis the Deep Elf Fire Elementalist began the quest for
                  | the Orb.
     0 | D:1      | Reached XP level 1. HP: 10/10 MP: 6/6
   423 | D:1      | Reached XP level 2. HP: 15/15 MP: 4/8
   889 | D:1      | Reached skill level 4 in Fire Magic
  1183 | D:2      | Reached XP level 3. HP: 19/19 MP: 1/10
  1456 | D:2      | Found a blossoming altar of Fedhas.
  1760 | D:2      | Found a burning altar of Makhleb.
  2316 | D:3      | Noticed Natasha
  2330 | D:3      | Killed Natasha
  2331 | D:3      | Reached XP level 4. HP: 23/24 MP: 3/12
  2350 | D:3      | Learned a level 3 spell: Conjure Flame
  2355 | D:3      | Learned a level 4 spell: Sticky Flame
  2399 | D:3      | Noticed Natasha
  2404 | D:3      | Killed Natasha
  2573 | D:3      | Reached skill level 5 in Fire Magic
  2583 | D:3      | Noticed Natasha
  2587 | D:3      | Killed Natasha
  2588 | D:3      | Reached XP level 5. HP: 20/28 MP: 5/13
  2834 | D:2      | Learned a level 5 spell: Fireball
  3391 | D:3      | Reached XP level 6. HP: 25/32 MP: 3/15
  3831 | D:4      | Reached skill level 5 in Spellcasting
  3930 | D:4      | Reached skill level 6 in Fire Magic
  4057 | D:4      | Found a runed translucent door.
  4057 | D:4      | Noticed IHuginn's ghost (amateur OpBr)
  4266 | D:4      | Found a staircase to the Ecumenical Temple.
  4280 | Temple   | Entered the Ecumenical Temple
  4601 | D:5      | Entered Level 5 of the Dungeon
  4601 | D:5      | Noticed Duvessa
  4601 | D:5      | Noticed Dowan
  4608 | D:5      | Killed Dowan
  4609 | D:5      | Gained mutation: You are robust. (+10% HP) [potion of
                  | mutation]
  4609 | D:5      | Gained mutation: Your mind is acute. (Int +2) [potion of
                  | mutation]
  4609 | D:5      | Gained mutation: You are partially covered in molten
                  | scales. (AC +2) [potion of mutation]
  4609 | D:5      | Slain by Duvessa

Illustrated notes

Levels and vault maps discovered:
D:1:      dpeg_arrival_rhombus, layout_basic
D:2:      layout_loops_corners, general_overflow_altar, fedhas_altar_3
D:3:      layout_rooms, uniq_natasha
D:4:      minmay_inner_zag, layout_basic, minmay_temple_entry_large_hall,
          hellmonk_ghost_happy_afterlife, st_stairs_4, minmay_fire_ice_demons
D:5:      layout_basic, old_standard_altar, lemuel_coloured_pillars_altar,
          lightli_ossuary_entry_decrepit_ruins, uniq_duvessa,
          uniq_blork_the_orc, uniq_grinder
Temple:   jpeg_temple_island

Skill      XL: |  1  2  3  4  5  6 |
---------------+-------------------+-----
Fire Magic     | 4 5 6 |  6.4
Conjurations   | 2 3 |  3.8
Spellcasting   | 4 5 |  5.4
Dodging        | |  2.4
Stealth        | |  2.4

Action                   |  1- 3 |  4- 6 || total
-------------------------+-------+-------++-------
Melee: Unarmed           |     2 |     1 ||     3
 Cast: Foxfire           |    93 |   159 ||   252
       Sticky Flame      |       |     2 ||     2
  Use: Potion            |       |     2 ||     2
 Stab: Sleeping          |     1 |       ||     1
Armor: Robe              |     4 |    13 ||    17
Dodge: Dodged            |    15 |    47 ||    62
